 Dungeon Crawl Stone Soup version 0.26-a0-710-g95a0c6c400 (webtiles) character file.

Game seed: 8443859537490697786

272 Glokmah the Bolt Thrower (level 6, 0/36 HPs)
             Began as a Kobold Arcane Marksman on Oct 30, 2020.
             Was a Believer of Cheibriados.
             Slain by an orc priest
             ... wielding a cursed +0 short sword
              (2 damage)
             ... on level 4 of the Dungeon.
             The game lasted 00:13:39 (5298 turns).

Glokmah the Bolt Thrower (Kobold Arcane Marksman)   Turns: 5298, Time: 00:13:41

Health: 0/36       AC:  6    Str: 13    XL:     6   Next: 48%
Magic:  7/9        EV: 16    Int: 21    God:    Cheibriados [**....]
Gold:   192        SH:  0    Dex: 23    Spells: 3/9 levels left

rFire    . . .     SeeInvis .   a - +1 hand crossbow
rCold    . . .     Faith    .   (shield restricted)
rNeg     . . .     Spirit   .   j - +0 leather armour
rPois    .         Reflect  .   n - +2 hat
rElec    .         Harm     .   (no cloak)
rCorr    .         Rampage  .   (no gloves)
MR       .....                  e - +0 pair of boots
Stlth    ++++......             (no amulet)
HPRegen  0.12/turn              (no ring)
MPRegen  0.11/turn              (no ring)

@: very slow
A: small, nightstalker 3
a: Bend Time, Renounce Religion


You were on level 4 of the Dungeon.
You worshipped Cheibriados.
Cheibriados was pleased with you.
You visited 1 branch of the dungeon, and saw 4 of its levels.

You collected 192 gold pieces.

Inventory:

Hand Weapons
 a - a +1 hand crossbow (weapon)
 b - a +0 dagger
 o - a +0 hunting sling
Missiles
 c - 36 sling bullets
 d - 27 bolts (quivered)
 l - 22 poisoned darts
Armour
 e - a +0 pair of boots (worn)
 j - a +0 leather armour (worn)
 n - a +2 hat (worn)
Scrolls
 h - 2 scrolls of remove curse
 k - a scroll of magic mapping
 q - a scroll of amnesia {unknown}
 r - a scroll of fog {unknown}
 s - a scroll of identify
Potions
 f - a potion of resistance
 g - a potion of magic {unknown}
 i - a potion of flight
 m - 2 potions of might
 p - a potion of curing
 t - a potion of heal wounds {unknown}
 u - a potion of brilliance {unknown}


   Skills:
 + Level 2.4 Fighting
 * Level 4.2 Crossbows
 + Level 1.2 Armour
 - Level 3.0 Dodging
 * Level 3.7 Stealth
 - Level 2.0 Spellcasting
 * Level 3.7 Hexes
 + Level 0.5 Fire Magic


You had 3 spell levels left.
You knew the following spells:

 Your Spells              Type           Power        Failure   Level
a - Corona                Hex            ###....      4%          1
b - Slow                  Hex            ###.....     6%          2
c - Inner Flame           Hex/Fire       ##......     24%         3

Your spell library contained the following spells:

 Spells                   Type           Power        Failure   Level
 Portal Projectile        Hex/Tloc       #.....       26%         3
 Cause Fear               Hex            ###.......   36%         4
 Leda's Liquefaction      Hex/Erth       #.........   65%         4


Dungeon Overview and Level Annotations

Branches:
Dungeon (4/15)
 Temple: D:4-7

Altars:
Cheibriados
Hepliaklqana
Makhleb
Sif Muna
Trog
Vehumet


Innate Abilities, Weirdness & Mutations

You are small and have problems with some larger weapons.
You are completely attuned to the shadows.


Message History

* * * LOW HITPOINT WARNING * * *
Firing (i - inventory. (/) - cycle)
d - 29 bolts (quivered)
Press: ? - help, Shift-Dir - straight line, f/p - orc priest
Aim: an orc priest, wielding a +0 short sword You shoot a bolt.
The bolt hits the orc priest.
The orc priest is lightly wounded.
The orc wizard misses you.
The orc priest invokes the aid of Beogh against you.
Pain shoots through your body!
* * * LOW HITPOINT WARNING * * *
The orc wizard barely misses you. The orc hits you with a +0 whip.
* * * LOW HITPOINT WARNING * * *
Firing (i - inventory. (/) - cycle)
d - 28 bolts (quivered)
Press: ? - help, Shift-Dir - straight line, f/p - orc priest
Aim: an orc priest, wielding a +0 short sword (lightly wounded)
You shoot a bolt. The bolt hits the orc priest!
The orc priest is heavily wounded.
The orc wizard begins to cast a cantrip, but forgets the words!
The orc priest hits you with a cursed +0 short sword.
You die...

..# .# ##..#
..# ##..$#
...##....#
......)..#
##..##..#
#oo####..
##o@# # ##o##
#..# ####.##
#.....#
#.###.##
#.###..##
#.......###
#.####....####


You could see an orc priest, 2 orc wizards and an orc (slow).

Vanquished Creatures
  Blork the orc (D:4)
  2 orc wizards
  5 adders
  2 oozes
  2 worms
  2 dart slugs
  2 leopard geckos
  8 orcs (D:3)
  6 bats
  2 giant cockroaches
  6 goblins
  3 hobgoblins
  16 jackals
  2 quokkas (D:3)
  10 frilled lizards
  5 kobolds
  10 rats
84 creatures vanquished.

Vanquished Creatures (others)
  4 toadstools (D:4)
4 creatures vanquished.

Grand Total: 88 creatures vanquished

Notes
Turn   | Place    | Note
-------+----------+-------------------------------------------
     0 | D:1      | Glokmah the Kobold Arcane Marksman began the quest for the
                  | Orb.
     0 | D:1      | Reached XP level 1. HP: 12/12 MP: 2/2
   418 | D:1      | Reached XP level 2. HP: 16/16 MP: 3/3
   479 | D:1      | Found a snail-covered altar of Cheibriados.
   483 | D:1      | Reached skill level 1 in Stealth
   489 | D:1      | Became a worshipper of Cheibriados the Contemplative
   874 | D:1      | Reached XP level 3. HP: 20/20 MP: 5/5
  1281 | D:2      | Found a radiant altar of Vehumet.
  1417 | D:2      | Reached * piety under Cheibriados
  1439 | D:2      | Reached skill level 3 in Crossbows
  1784 | D:2      | Reached XP level 4. HP: 17/25 MP: 2/6
  1891 | D:2      | Found a hazy altar of Hepliaklqana.
  1929 | D:2      | Found a burning altar of Makhleb.
  1931 | D:2      | Noticed an Executioner
  1932 | D:2      | Noticed a smoke demon
  1932 | D:2      | Noticed a neqoxec
  2591 | D:2      | Found a shimmering blue altar of Sif Muna.
  3458 | D:3      | Reached XP level 5. HP: 27/30 MP: 7/7
  3497 | D:3      | Learned a level 2 spell: Slow
  3501 | D:3      | Learned a level 3 spell: Inner Flame
  3726 | D:3      | Reached ** piety under Cheibriados
  4099 | D:3      | Reached skill level 1 in Armour
  4296 | D:3      | Found a bloodstained altar of Trog.
  4986 | D:4      | Noticed Blork the orc
  5004 | D:4      | Killed Blork the orc
  5004 | D:4      | Reached skill level 4 in Crossbows
  5004 | D:4      | Reached XP level 6. HP: 15/36 MP: 4/9
  5254 | D:4      | Found a bloodstained altar of Trog.
  5298 | D:4      | Slain by an orc priest

Illustrated notes

Levels and vault maps discovered:
D:1:      scummos_arrival_star, layout_loops_corners, hex_tiny,
          cheibriados_altar_1
D:2:      layout_basic, fiery_altar_vehumet, led_sif_pool,
          lemuel_coloured_pillars_altar, makhleb_altar_promises_db
D:3:      layout_loops_corners, trog_butcher_becter
D:4:      cheibrodos_fertilizer, layout_cave_pods, kennysheep_mini,
          nicolae_overflow_crystal_walls, uniq_blork_the_orc, uniq_sigmund

Skill      XL: |  1  2  3  4  5 |
---------------+----------------+-----
Stealth        | 1 2 3 |  3.7
Crossbows      | 3 4 |  4.2
Dodging        | 3 |  3.0
Fighting       | 2 |  2.4
Armour         | 1 |  1.2
Spellcasting   | 2 |  2.0
Hexes          | |  3.7
Fire Magic     | |  0.5

Action                   |  1- 3 |  4- 6 || total
-------------------------+-------+-------++-------
Melee: Dagger            |     6 |   284 ||   290
 Fire: Hand crossbow     |    45 |    33 ||    78
Throw: Dart              |       |     7 ||     7
 Cast: Slow              |       |     2 ||     2
       Corona            |       |     1 ||     1
       Inner Flame       |       |     1 ||     1
Invok: Bend Time         |     1 |     1 ||     2
  Use: Potion            |     1 |     1 ||     2
       Scroll            |       |     9 ||     9
 Stab: Sleeping          |     1 |    16 ||    17
Armor: Leather armour    |     6 |    79 ||    85
Dodge: Dodged            |    19 |   279 ||   298

Table legend: (Time is in decaauts)
 A = Elapsed time spent in this place.
 B = Non-inter-level travel time spent in this place.
 C = Inter-level travel time spent in this place.
 D = Time resting spent in this place.
 E = Time spent auto-exploring this place.
 F = Levels seen in this place.
 G = Mean time per level.
                   A        B        C        D        E       F      G
               +--------+--------+--------+--------+--------+-----+--------+
         Total |   6502 |   6151 |    351 |   1010 |   3439 |   4 | 1625.5 |
       Dungeon |   6502 |   6151 |    351 |   1010 |   3439 |   4 | 1625.5 |
               +--------+--------+--------+--------+--------+-----+--------+

Top non-repeatable levels by time:
     D:2: 2352 daAuts
     D:3: 2049 daAuts
     D:1: 1416 daAuts
     D:4: 684 daAuts
